[Event "EYTCC Open U18 2022"]
[Site "Thessaloniki"]
[Date "2022.07.13"]
[Round "2.24"]
[White "Podolskyi, Mykhailo"]
[Black "Krastev, Alexander"]
[Result "1-0"]
[ECO "B40"]
[WhiteElo "2025"]
[BlackElo "2435"]
[Annotator "ChessBase"]
[PlyCount "83"]
[EventDate "2022.07.12"]
[EventType "team-tourn"]
[EventCountry "GRE"]
[SourceTitle "playchess.com"]
[Source "ChessBase"]
[SourceQuality "1"]
[WhiteTeam "Ukraine"]
[BlackTeam "Germany"]
[WhiteTeamCountry "UKR"]
[BlackTeamCountry "GER"]
[TimeControl "40/5400+30:1800+30"]

1. e4 c5 2. Nf3 e6 3. g3 Nc6 4. Bg2 Qc7 5. O-O Nf6 6. Re1 Be7 7. c3 O-O 8. d4 cxd4 9. cxd4 d5 10. e5 Ne4 11. Nbd2 Nxd2 12. Bxd2 Qb6 13. Bc3 Bd7 14. h4 Rac8 15. Qd3 Na5 16. Ng5 g6 17. Nf3 Nc4 18. Rab1 Qa6 19. Nh2 Na3 20. Qxa6 bxa6 21. bxa3 Rxc3 22. Rb7 Rd8 23. Rxa7 h5 24. Rb1 Bxa3 25. Rbb7 Be8 26. Nf3 Bc1 27. Rxa6 Rdc8 28. Rab6 Ra3 29. Rb8 Ra8 30. Rxc8 Rxc8 31. Bf1 Kg7 32. Bb5 Bxb5 33. Rxb5 Ra8 34. Rb1 Bh6 35. Rb2 Ra3 36. Ne1 Bc1 37. Rc2 Bh6 38. Kf1 Ra4 39. Nf3 Ra3 40. Ke2 Kg8 41. Nd2 Kh8 42. Nb1 1-0

[Event "EYTCC Open U18 2022"]
[Site "Thessaloniki"]
[Date "2022.07.13"]
[Round "2.25"]
[White "Seemann, Jakub"]
[Black "Lavrencic, Matic"]
[Result "*"]
[ECO "C84"]
[WhiteElo "2382"]
[BlackElo "2151"]
[Annotator "ChessBase"]
[PlyCount "36"]
[EventDate "2022.07.12"]
[EventType "team-tourn"]
[EventCountry "GRE"]
[SourceTitle "playchess.com"]
[Source "ChessBase"]
[SourceQuality "1"]
[WhiteTeam "Poland"]
[BlackTeam "Slovenia"]
[WhiteTeamCountry "POL"]
[BlackTeamCountry "SLO"]
[TimeControl "40/5400+30:1800+30"]

1. e4 e5 2. Nf3 Nc6 3. Bb5 a6 4. Ba4 Nf6 5. O-O Be7 6. Re1 b5 7. Bb3 d6 8. c3 O-O 9. h3 Nb8 10. d4 Nbd7 11. Nbd2 Bb7 12. Bc2 c5 13. Nf1 Re8 14. Ng3 Bf8 15. d5 g6 16. Bg5 h6 17. Be3 c4 18. Nh2 Bg7 *

[Event "EYTCC Open U18 2022"]
[Site "Thessaloniki"]
[Date "2022.07.13"]
[Round "2.25"]
[White "Atis, Hasan"]
[Black "Veljanoski, Andrej"]
[Result "0-1"]
[ECO "C95"]
[WhiteElo "1956"]
[BlackElo "2162"]
[Annotator "ChessBase"]
[PlyCount "114"]
[EventDate "2022.07.12"]
[EventType "team-tourn"]
[EventCountry "GRE"]
[SourceTitle "playchess.com"]
[Source "ChessBase"]
[SourceQuality "1"]
[WhiteTeam "Turkey"]
[BlackTeam "Macedonia"]
[WhiteTeamCountry "TUR"]
[BlackTeamCountry "MKD"]
[TimeControl "40/5400+30:1800+30"]

1. e4 e5 2. Nf3 Nc6 3. Bb5 a6 4. Ba4 Nf6 5. O-O Be7 6. Re1 b5 7. Bb3 d6 8. c3 O-O 9. h3 Nb8 10. d4 Nbd7 11. Nbd2 Bb7 12. Bc2 c5 13. Nf1 Re8 14. Ng3 Bf8 15. d5 g6 16. Bg5 h6 17. Be3 c4 18. Nh2 Bg7 19. Ng4 Kh7 20. Nxf6+ Bxf6 21. Qg4 Bg7 22. h4 h5 23. Nxh5 gxh5 24. Qxh5+ Kg8 25. Bg5 f6 26. Bh6 Bxh6 27. Qxh6 Qe7 28. Re3 Qh7 29. Rg3+ Kh8 30. Qe3 Rg8 31. a4 Nc5 32. Rf3 Kg7 33. Rg3+ Kf7 34. Rxg8 Qxg8 35. axb5 axb5 36. Rxa8 Qxa8 37. Qh6 Qg8 38. Qh5+ Ke7 39. Qh6 Bc8 40. Kf1 Nd7 41. Bd1 Nf8 42. Qe3 f5 43. Qf3 fxe4 44. Qxe4 Qh7 45. Bc2 Qxe4 46. Bxe4 Kf6 47. f3 Ng6 48. Bxg6 Kxg6 49. g3 Bb7 50. g4 Bxd5 51. Ke2 Be6 52. Ke3 d5 53. Ke2 d4 54. cxd4 exd4 55. Kd2 b4 56. Kc2 Bd5 57. f4 Bf3 0-1

[Event "EYTCC Open U18 2022"]
[Site "Thessaloniki"]
[Date "2022.07.13"]
[Round "2.26"]
[White "Koellner, Ruben Gideon"]
[Black "Prokofiev, Valentyn"]
[Result "*"]
[ECO "C02"]
[WhiteElo "2422"]
[BlackElo "2286"]
[Annotator "ChessBase"]
[PlyCount "21"]
[EventDate "2022.07.12"]
[EventType "team-tourn"]
[EventCountry "GRE"]
[SourceTitle "playchess.com"]
[Source "ChessBase"]
[SourceQuality "1"]
[WhiteTeam "Germany"]
[BlackTeam "Ukraine"]
[WhiteTeamCountry "GER"]
[BlackTeamCountry "UKR"]
[TimeControl "40/5400+30:1800+30"]

1. e4 e6 2. d4 d5 3. e5 c5 4. c3 Ne7 5. Nf3 Nec6 6. Bd3 b6 7. Na3 Ba6 8. Bxa6 Nxa6 9. Qa4 Nab8 10. O-O Qc8 11. Nb5 *

[Event "EYTCC Open U18 2022"]
[Site "Thessaloniki"]
[Date "2022.07.13"]
[Round "2.26"]
[White "Jordanov, Mihail"]
[Black "Aydogdu, Selcan Ayberk"]
[Result "1-0"]
[ECO "C02"]
[WhiteElo "2158"]
[BlackElo "1902"]
[Annotator "ChessBase"]
[PlyCount "105"]
[EventDate "2022.07.12"]
[EventType "team-tourn"]
[EventCountry "GRE"]
[SourceTitle "playchess.com"]
[Source "ChessBase"]
[SourceQuality "1"]
[WhiteTeam "Macedonia"]
[BlackTeam "Turkey"]
[WhiteTeamCountry "MKD"]
[BlackTeamCountry "TUR"]
[TimeControl "40/5400+30:1800+30"]

1. e4 e6 2. d4 d5 3. e5 c5 4. c3 Ne7 5. Nf3 Nec6 6. Bd3 b6 7. Na3 Ba6 8. Bxa6 Nxa6 9. Qa4 Nab8 10. O-O Qc8 11. Nb5 Nd7 12. Bf4 a6 13. Nd6+ Bxd6 14. exd6 O-O 15. Rfe1 Re8 16. c4 Nxd4 17. Nxd4 cxd4 18. cxd5 e5 19. Rac1 Nc5 20. Rxc5 Qxc5 21. d7 Re7 22. Bg5 b5 23. Bxe7 Qxe7 24. Qxd4 Qxd7 25. Qxe5 Rd8 26. h3 h6 27. Rd1 a5 28. d6 Kh7 29. Rd5 a4 30. Qe4+ g6 31. Qb4 Qc6 32. Qd2 Rd7 33. a3 Qc4 34. Rd4 Qc5 35. g3 Qe5 36. Rd5 Qf6 37. Kg2 Qe6 38. Qd4 Kg8 39. Qd3 Kh7 40. Qxb5 Rxd6 41. Rxd6 Qxd6 42. Qxa4 Qd5+ 43. Kg1 Kg8 44. Qc2 h5 45. h4 g5 46. hxg5 Qxg5 47. Qc8+ Kg7 48. Qc3+ Kg8 49. Qe3 Qb5 50. b4 Qc4 51. Qg5+ Kh7 52. Qxh5+ Kg7 53. Qg5+ 1-0

[Event "EYTCC Open U18 2022"]
[Site "Thessaloniki"]
[Date "2022.07.13"]
[Round "2.27"]
[White "Turk, Talha Gunes"]
[Black "Zlatkov, Anton"]
[Result "1-0"]
[ECO "B30"]
[WhiteElo "1597"]
[BlackElo "2149"]
[Annotator "ChessBase"]
[PlyCount "167"]
[EventDate "2022.07.12"]
[EventType "team-tourn"]
[EventCountry "GRE"]
[SourceTitle "playchess.com"]
[Source "ChessBase"]
[SourceQuality "1"]
[WhiteTeam "Turkey"]
[BlackTeam "Macedonia"]
[WhiteTeamCountry "TUR"]
[BlackTeamCountry "MKD"]
[TimeControl "40/5400+30:1800+30"]

1. e4 c5 2. Nf3 Nc6 3. c3 Nf6 4. Bd3 d6 5. h3 e6 6. O-O d5 7. Qe2 Be7 8. e5 Nd7 9. Bc2 b6 10. d4 a5 11. Re1 Ba6 12. Qe3 Qc7 13. Na3 h6 14. Ba4 cxd4 15. cxd4 Na7 16. Bxd7+ Kxd7 17. Qf4 f5 18. exf6 Qxf4 19. Bxf4 gxf6 20. Re3 Rac8 21. Nh4 Rhg8 22. Nf3 h5 23. Rd1 Bb4 24. Nb1 Rc2 25. a3 Bd6 26. Bxd6 Kxd6 27. Rde1 Re8 28. Nh4 e5 29. Nf5+ Kd7 30. Nc3 Rxb2 31. Nxd5 Re6 32. Nf4 Nb5 33. Nxe6 Kxe6 34. dxe5 Kxf5 35. Rf3+ Kg6 36. exf6 Nd4 37. Rf4 Re2 38. Rd1 Ne6 39. f7 Kg7 40. Rd8 Nf8 41. Rf3 Bb7 42. Rf5 Be4 43. Re5 Kxf7 44. Rde8 Ra2 45. Rxe4 Rxa3 46. Rb8 Nd7 47. Rb7 Rd3 48. Re5 a4 49. Ra7 Kg6 50. Rb5 Rd1+ 51. Kh2 Rd4 52. Rb1 Kf5 53. Ra6 Ke4 54. Ra1 b5 55. Rb1 Nc5 56. Ra5 b4 57. Rxc5 b3 58. Ra5 Rb4 59. h4 Kd3 60. Rxa4 Rxa4 61. Rxb3+ Kc2 62. Rb5 Rxh4+ 63. Kg3 Rh1 64. Rb4 Ra1 65. Kh4 Rh1+ 66. Kg3 Ra1 67. f4 Kd3 68. f5 Ke3 69. Rh4 Rf1 70. Rxh5 Ke4 71. Kh4 Rf2 72. Rg5 Ke5 73. g4 Rh2+ 74. Kg3 Rh1 75. Rg6 Rg1+ 76. Kf2 Ra1 77. f6 Ra2+ 78. Ke3 Ra3+ 79. Ke2 Ke6 80. g5 Ra2+ 81. Kd3 Ra3+ 82. Kc4 Kf7 83. Rg7+ Kf8 84. Kd5 1-0

[Event "EYTCC Open U18 2022"]
[Site "Thessaloniki"]
[Date "2022.07.13"]
[Round "2.28"]
[White "Jovanovski, Teodor"]
[Black "Kayrak, Murat"]
[Result "0-1"]
[ECO "D31"]
[WhiteElo "1944"]
[BlackElo "1561"]
[Annotator "ChessBase"]
[PlyCount "90"]
[EventDate "2022.07.12"]
[EventType "team-tourn"]
[EventCountry "GRE"]
[SourceTitle "playchess.com"]
[Source "ChessBase"]
[SourceQuality "1"]
[WhiteTeam "Macedonia"]
[BlackTeam "Turkey"]
[WhiteTeamCountry "MKD"]
[BlackTeamCountry "TUR"]
[TimeControl "40/5400+30:1800+30"]

1. d4 d5 2. c4 e6 3. Nc3 Be7 4. cxd5 exd5 5. Qc2 c6 6. Bf4 Nf6 7. e3 Nbd7 8. Bd3 Nh5 9. O-O-O Nxf4 10. exf4 Nf6 11. h3 Qd6 12. g3 Bd7 13. Nf3 Rc8 14. Ne5 a6 15. g4 c5 16. dxc5 Rxc5 17. Kb1 d4 18. g5 dxc3 19. Bg6 Qxd1+ 20. Rxd1 hxg6 21. gxf6 Bf5 22. Nd3 gxf6 23. b3 Rxh3 24. Kc1 Rd5 25. f3 Rxf3 26. Qxc3 Rfxd3 27. Rxd3 Rxd3 28. Qa5 Bd6 29. Kb2 Be4 30. Qe1 f5 31. Qh4 Be7 32. Qh8+ Kd7 33. Qg7 Ke8 34. Qh8+ Kd7 35. Qg7 Bd5 36. Kc2 Be4 37. Kb2 Rd2+ 38. Kc3 Rc2+ 39. Kd4 Bc5+ 40. Ke5 Bd6+ 41. Kd4 Ke6 42. b4 Bxb4 43. Qe5+ Kd7 44. Qb8 Rc8 45. Qa7 Bc5+ 0-1

[Event "EYTCC Open U18 2022"]
[Site "Thessaloniki"]
[Date "2022.07.13"]
[Round "2.29"]
[White "Jordanov, Mihail"]
[Black "Aydogdu, Selcan Ayberk"]
[Result "*"]
[ECO "B90"]
[WhiteElo "2158"]
[BlackElo "1902"]
[Annotator "ChessBase"]
[PlyCount "28"]
[EventDate "2022.07.12"]
[EventType "team-tourn"]
[EventCountry "GRE"]
[SourceTitle "playchess.com"]
[Source "ChessBase"]
[SourceQuality "1"]
[WhiteTeam "Macedonia"]
[BlackTeam "Turkey"]
[WhiteTeamCountry "MKD"]
[BlackTeamCountry "TUR"]
[TimeControl "40/5400+30:1800+30"]

1. e4 c5 2. Nf3 d6 3. d4 cxd4 4. Nxd4 Nf6 5. Nc3 a6 6. Be3 e5 7. Nf3 Be7 8. Nd2 b5 9. a4 b4 10. Nd5 Nxd5 11. exd5 O-O 12. a5 Nd7 13. Nc4 f5 14. Be2 Qe8 *

[Event "EYTCC Open U18 2022"]
[Site "Thessaloniki"]
[Date "2022.07.13"]
[Round "2.29"]
[White "Stoimenidis, Dimitrios"]
[Black "Herega, Nejc"]
[Result "1/2-1/2"]
[ECO "B90"]
[WhiteElo "1993"]
[BlackElo "2160"]
[Annotator "ChessBase"]
[PlyCount "71"]
[EventDate "2022.07.12"]
[EventType "team-tourn"]
[EventCountry "GRE"]
[SourceTitle "playchess.com"]
[Source "ChessBase"]
[SourceQuality "1"]
[WhiteTeam "Greece"]
[BlackTeam "Slovenia"]
[WhiteTeamCountry "GRE"]
[BlackTeamCountry "SLO"]
[TimeControl "40/5400+30:1800+30"]

1. e4 c5 2. Nf3 d6 3. d4 cxd4 4. Nxd4 Nf6 5. Nc3 a6 6. Be3 e5 7. Nf3 Be7 8. Nd2 b5 9. a4 b4 10. Nd5 Nxd5 11. exd5 O-O 12. a5 Nd7 13. Nc4 f5 14. Be2 Qe8 15. f4 Qg6 16. O-O Rb8 17. Rf3 Bb7 18. Rg3 Qf7 19. fxe5 Nxe5 20. Bf4 Rfe8 21. Nxe5 dxe5 22. Bh6 g6 23. Bc4 Rbd8 24. Rd3 e4 25. Rd2 Bc5+ 26. Kh1 e3 27. Rd3 e2 28. Qd2 Bf2 29. Be3 e1=Q+ 30. Rxe1 Bxe1 31. Qxe1 Bxd5 32. Qd2 f4 33. Bb6 Bxc4 34. Rxd8 Bb5 35. Rxe8+ Bxe8 36. Qxb4 1/2-1/2

[Event "EYTCC Open U18 2022"]
[Site "Thessaloniki"]
[Date "2022.07.13"]
[Round "2.30"]
[White "Olenik Campa, Rudi"]
[Black "Karamichos, Michail"]
[Result "1/2-1/2"]
[ECO "A06"]
[WhiteElo "2203"]
[BlackElo "1839"]
[Annotator "ChessBase"]
[PlyCount "85"]
[EventDate "2022.07.12"]
[EventType "team-tourn"]
[EventCountry "GRE"]
[SourceTitle "playchess.com"]
[Source "ChessBase"]
[SourceQuality "1"]
[WhiteTeam "Slovenia"]
[BlackTeam "Greece"]
[WhiteTeamCountry "SLO"]
[BlackTeamCountry "GRE"]
[TimeControl "40/5400+30:1800+30"]

1. g3 d5 2. Nf3 Nf6 3. Bg2 e6 4. O-O Bd6 5. d4 h6 6. c4 O-O 7. Nc3 Nc6 8. Re1 dxc4 9. Qa4 e5 10. d5 Nb4 11. Nxe5 Qe8 12. Qxe8 Rxe8 13. Nxc4 Nc2 14. Nxd6 cxd6 15. Bf4 Rd8 16. Nb5 Ne8 17. a4 a6 18. Nc3 g5 19. Be3 Bd7 20. h4 f6 21. a5 Kf7 22. Be4 Nxa1 23. Rxa1 Nc7 24. Bb6 Rac8 25. Bd3 Ke7 26. hxg5 hxg5 27. f4 gxf4 28. gxf4 Rh8 29. Kf2 Nb5 30. Nxb5 Bxb5 31. Bxb5 axb5 32. Rg1 Kf7 33. Bd4 Rc4 34. e3 Rh5 35. Kf3 Rxd5 36. Rh1 Kg6 37. Rg1+ Kf7 38. Rh1 Kg6 39. Rg1+ Kf7 40. Rh1 Kg6 41. Rg1+ Kf7 42. Rh1 Kg6 43. Ke4 1/2-1/2

[Event "EYTCC Open U18 2022"]
[Site "Thessaloniki"]
[Date "2022.07.13"]
[Round "2.30"]
[White "Turk, Talha Gunes"]
[Black "Zlatkov, Anton"]
[Result "*"]
[ECO "A06"]
[WhiteElo "1597"]
[BlackElo "2149"]
[Annotator "ChessBase"]
[PlyCount "20"]
[EventDate "2022.07.12"]
[EventType "team-tourn"]
[EventCountry "GRE"]
[SourceTitle "playchess.com"]
[Source "ChessBase"]
[SourceQuality "1"]
[WhiteTeam "Turkey"]
[BlackTeam "Macedonia"]
[WhiteTeamCountry "TUR"]
[BlackTeamCountry "MKD"]
[TimeControl "40/5400+30:1800+30"]

1. g3 d5 2. Nf3 Nf6 3. Bg2 e6 4. O-O Bd6 5. d4 h6 6. c4 O-O 7. Nc3 Nc6 8. Re1 dxc4 9. Qa4 e5 10. d5 Nb4 *

[Event "EYTCC Open U18 2022"]
[Site "Thessaloniki"]
[Date "2022.07.13"]
[Round "2.31"]
[White "Tagkaloglou, Savvas Stefanos"]
[Black "Gregoric, Andraz"]
[Result "0-1"]
[ECO "C68"]
[WhiteElo "1724"]
[BlackElo "2199"]
[Annotator "ChessBase"]
[PlyCount "40"]
[EventDate "2022.07.12"]
[EventType "team-tourn"]
[EventCountry "GRE"]
[SourceTitle "playchess.com"]
[Source "ChessBase"]
[SourceQuality "1"]
[WhiteTeam "Greece"]
[BlackTeam "Slovenia"]
[WhiteTeamCountry "GRE"]
[BlackTeamCountry "SLO"]
[TimeControl "40/5400+30:1800+30"]

1. e4 e5 2. Nf3 Nc6 3. Bb5 a6 4. Bxc6 dxc6 5. O-O f6 6. d4 exd4 7. e5 Bg4 8. exf6 Nxf6 9. Re1+ Be7 10. Qxd4 Bxf3 11. Qxd8+ Rxd8 12. gxf3 O-O 13. Bg5 h6 14. Bf4 Nd5 15. Bg3 Bb4 16. c3 Bd6 17. Kg2 Rf7 18. Rd1 Bxg3 19. Kxg3 Rd6 20. Rd4 h5 0-1

[Event "EYTCC Open U18 2022"]
[Site "Thessaloniki"]
[Date "2022.07.13"]
[Round "2.32"]
[White "Olenik Campa, Rudi"]
[Black "Karamichos, Michail"]
[Result "*"]
[ECO "C18"]
[WhiteElo "2203"]
[BlackElo "1839"]
[Annotator "ChessBase"]
[PlyCount "32"]
[EventDate "2022.07.12"]
[EventType "team-tourn"]
[EventCountry "GRE"]
[SourceTitle "playchess.com"]
[Source "ChessBase"]
[SourceQuality "1"]
[WhiteTeam "Slovenia"]
[BlackTeam "Greece"]
[WhiteTeamCountry "SLO"]
[BlackTeamCountry "GRE"]
[TimeControl "40/5400+30:1800+30"]

1. e4 e6 2. d4 d5 3. Nc3 Bb4 4. e5 c5 5. a3 Bxc3+ 6. bxc3 Qa5 7. Bd2 Qa4 8. Nf3 b6 9. h4 Ba6 10. h5 h6 11. Rh4 Bxf1 12. Kxf1 Ne7 13. dxc5 Qb5+ 14. Kg1 bxc5 15. Rg4 Nf5 16. Rb1 Qd7 *

[Event "EYTCC Open U18 2022"]
[Site "Thessaloniki"]
[Date "2022.07.13"]
[Round "2.32"]
[White "Skrbec, Leon"]
[Black "Karakotsios, Konstantinos"]
[Result "1-0"]
[ECO "C18"]
[WhiteElo "2103"]
[BlackElo "1376"]
[Annotator "ChessBase"]
[PlyCount "61"]
[EventDate "2022.07.12"]
[EventType "team-tourn"]
[EventCountry "GRE"]
[SourceTitle "playchess.com"]
[Source "ChessBase"]
[SourceQuality "1"]
[WhiteTeam "Slovenia"]
[BlackTeam "Greece"]
[WhiteTeamCountry "SLO"]
[BlackTeamCountry "GRE"]
[TimeControl "40/5400+30:1800+30"]

1. e4 e6 2. d4 d5 3. Nc3 Bb4 4. e5 c5 5. a3 Bxc3+ 6. bxc3 Qa5 7. Bd2 Qa4 8. Nf3 b6 9. h4 Ba6 10. h5 h6 11. Rh4 Bxf1 12. Kxf1 Ne7 13. dxc5 Qb5+ 14. Kg1 bxc5 15. Rg4 Nf5 16. Rb1 Qd7 17. Nh4 Nxh4 18. Rxh4 Nc6 19. Rg4 Kf8 20. Be3 Rc8 21. Bxc5+ Ne7 22. Bd6 Rxc3 23. Rb8+ Rc8 24. Rxc8+ Qxc8 25. Rb4 Kg8 26. Rb8 Kh7 27. Rxc8 Nxc8 28. Qd3+ g6 29. hxg6+ fxg6 30. Qa6 Nxd6 31. exd6 1-0

[Event "EYTCC Open U18 2022"]
[Site "Thessaloniki"]
[Date "2022.07.13"]
[Round "2.33"]
[White "Ratnesan, Ranesh"]
[Black "Betsakou, Sofia"]
[Result "1-0"]
[ECO "A05"]
[WhiteElo "2269"]
[BlackElo "1412"]
[Annotator "ChessBase"]
[PlyCount "87"]
[EventDate "2022.07.12"]
[EventType "team-tourn"]
[EventCountry "GRE"]
[SourceTitle "playchess.com"]
[Source "ChessBase"]
[SourceQuality "1"]
[WhiteTeam "England"]
[BlackTeam "Greece"]
[WhiteTeamCountry "ENG"]
[BlackTeamCountry "GRE"]
[TimeControl "40/5400+30:1800+30"]

1. Nf3 Nf6 2. g3 g6 3. Bg2 Bg7 4. O-O O-O 5. d3 d6 6. e4 e6 7. c3 Nbd7 8. Re1 c5 9. d4 e5 10. a4 Qc7 11. Na3 a6 12. b4 b6 13. bxc5 bxc5 14. d5 Ne8 15. Nc4 f5 16. a5 fxe4 17. Rxe4 Ndf6 18. Re1 Rb8 19. h3 Nh5 20. Ra3 Qf7 21. Kh2 h6 22. Nb6 Nc7 23. c4 Nf6 24. Be3 g5 25. Nxc8 Rfxc8 26. Nd2 Rb4 27. Qc2 Rcb8 28. Rb1 Qd7 29. Bf1 Rxb1 30. Nxb1 g4 31. h4 e4 32. Nc3 Qe7 33. Bg2 Re8 34. Rb3 Na8 35. Rb1 Qe5 36. Rb7 h5 37. Ne2 Qa1 38. Bd2 Qa3 39. Bc3 Kf8 40. Nf4 Kg8 41. Ne6 Bh8 42. Qd2 e3 43. Qxe3 Nh7 44. Qh6 1-0

[Event "EYTCC Open U18 2022"]
[Site "Thessaloniki"]
[Date "2022.07.13"]
[Round "2.33"]
[White "Tagkaloglou, Savvas Stefanos"]
[Black "Gregoric, Andraz"]
[Result "*"]
[ECO "A05"]
[WhiteElo "1724"]
[BlackElo "2199"]
[Annotator "ChessBase"]
[PlyCount "23"]
[EventDate "2022.07.12"]
[EventType "team-tourn"]
[EventCountry "GRE"]
[SourceTitle "playchess.com"]
[Source "ChessBase"]
[SourceQuality "1"]
[WhiteTeam "Greece"]
[BlackTeam "Slovenia"]
[WhiteTeamCountry "GRE"]
[BlackTeamCountry "SLO"]
[TimeControl "40/5400+30:1800+30"]

1. Nf3 Nf6 2. g3 g6 3. Bg2 Bg7 4. O-O O-O 5. d3 d6 6. e4 e6 7. c3 Nbd7 8. Re1 c5 9. d4 e5 10. a4 Qc7 11. Na3 a6 12. b4 *

[Event "EYTCC Open U18 2022"]
[Site "Thessaloniki"]
[Date "2022.07.13"]
[Round "2.34"]
[White "Skrbec, Leon"]
[Black "Karakotsios, Konstantinos"]
[Result "*"]
[ECO "A40"]
[WhiteElo "2103"]
[BlackElo "1376"]
[Annotator "ChessBase"]
[PlyCount "22"]
[EventDate "2022.07.12"]
[EventType "team-tourn"]
[EventCountry "GRE"]
[SourceTitle "playchess.com"]
[Source "ChessBase"]
[SourceQuality "1"]
[WhiteTeam "Slovenia"]
[BlackTeam "Greece"]
[WhiteTeamCountry "SLO"]
[BlackTeamCountry "GRE"]
[TimeControl "40/5400+30:1800+30"]

1. d4 Nf6 2. Nf3 g6 3. g3 Bg7 4. Bg2 c5 5. c4 O-O 6. O-O cxd4 7. Nxd4 d6 8. Nc3 Nbd7 9. b3 Nc5 10. Bb2 a5 11. e3 Qb6 *

[Event "EYTCC Open U18 2022"]
[Site "Thessaloniki"]
[Date "2022.07.13"]
[Round "2.34"]
[White "Betsakos, Haralampos"]
[Black "Stoica, Savas Marin"]
[Result "0-1"]
[ECO "A49"]
[WhiteElo "1183"]
[BlackElo "2092"]
[Annotator "ChessBase"]
[PlyCount "98"]
[EventDate "2022.07.12"]
[EventType "team-tourn"]
[EventCountry "GRE"]
[SourceTitle "playchess.com"]
[Source "ChessBase"]
[SourceQuality "1"]
[WhiteTeam "Greece"]
[BlackTeam "England"]
[WhiteTeamCountry "GRE"]
[BlackTeamCountry "ENG"]
[TimeControl "40/5400+30:1800+30"]

1. d4 Nf6 2. Nf3 g6 3. g3 Bg7 4. Bg2 c5 5. c4 O-O 6. O-O cxd4 7. Nxd4 d6 8. Nc3 Nbd7 9. b3 Nc5 10. Bb2 a5 11. e3 Qb6 12. Ndb5 Bd7 13. Na4 Nxa4 14. bxa4 Bc6 15. Bd4 Qd8 16. Rb1 Qd7 17. Bxc6 bxc6 18. Bxf6 Bxf6 19. Nd4 Rfb8 20. Nc2 Qf5 21. Rb3 Qc5 22. Qd3 Rd8 23. Rc1 d5 24. Nd4 e5 25. Ne2 d4 26. e4 Rab8 27. Rcb1 Rb4 28. Rxb4 axb4 29. Nc1 Be7 30. Nb3 Qa7 31. a5 Qa6 32. Rd1 Rb8 33. Qc2 Bd8 34. Rd3 Bxa5 35. Nxa5 Qxa5 36. Qe2 Ra8 37. Rd2 c5 38. Qd3 Qa3 39. Qb3 Qa6 40. Rb2 Kg7 41. Qc2 Qe6 42. Qe2 Ra5 43. f4 Qa6 44. fxe5 Qe6 45. Qf3 Qxe5 46. Qf4 Qxf4 47. gxf4 Ra3 48. Kf2 Rc3 49. Ke2 Re3+ 0-1

[Event "EYTCC Open U18 2022"]
[Site "Thessaloniki"]
[Date "2022.07.13"]
[Round "2.35"]
[White "Cont, Arya"]
[Black "Karkanas, Stylianos"]
[Result "1-0"]
[ECO "A05"]
[WhiteElo "1968"]
[BlackElo "1089"]
[Annotator "ChessBase"]
[PlyCount "73"]
[EventDate "2022.07.12"]
[EventType "team-tourn"]
[EventCountry "GRE"]
[SourceTitle "playchess.com"]
[Source "ChessBase"]
[SourceQuality "1"]
[WhiteTeam "England"]
[BlackTeam "Greece"]
[WhiteTeamCountry "ENG"]
[BlackTeamCountry "GRE"]
[TimeControl "40/5400+30:1800+30"]

1. Nf3 Nf6 2. e3 d6 3. b3 g6 4. Bb2 Bg7 5. d4 O-O 6. Nc3 Nbd7 7. Qd2 e5 8. O-O-O e4 9. Ng5 d5 10. f3 h6 11. Nh3 Nb6 12. Nf2 Bf5 13. g4 Be6 14. Be2 exf3 15. Bxf3 c6 16. h4 a5 17. a4 Re8 18. Rdg1 Nbd7 19. g5 Nh7 20. e4 dxe4 21. Nfxe4 Qc7 22. gxh6 Bh8 23. h5 Nhf8 24. hxg6 Nxg6 25. h7+ Kf8 26. Ba3+ Re7 27. Qh6+ Ke8 28. Rxg6 fxg6 29. Qxg6+ Bf7 30. Nd6+ Kd8 31. Nxf7+ Rxf7 32. Qxf7 Nf6 33. Qg8+ Kd7 34. Bg4+ Nxg4 35. Qxg4+ Kd8 36. Rf1 Bg7 37. h8=Q+ 1-0

[Event "EYTCC Open U18 2022"]
[Site "Thessaloniki"]
[Date "2022.07.13"]
[Round "2.36"]
[White "Cont, Arya"]
[Black "Karkanas, Stylianos"]
[Result "*"]
[ECO "D71"]
[WhiteElo "1968"]
[BlackElo "1089"]
[Annotator "ChessBase"]
[PlyCount "23"]
[EventDate "2022.07.12"]
[EventType "team-tourn"]
[EventCountry "GRE"]
[SourceTitle "playchess.com"]
[Source "ChessBase"]
[SourceQuality "1"]
[WhiteTeam "England"]
[BlackTeam "Greece"]
[WhiteTeamCountry "ENG"]
[BlackTeamCountry "GRE"]
[TimeControl "40/5400+30:1800+30"]

1. d4 Nf6 2. c4 g6 3. g3 Bg7 4. Bg2 O-O 5. Nf3 d6 6. O-O Nbd7 7. Nc3 e5 8. dxe5 dxe5 9. Qc2 c6 10. Rd1 Qc7 11. b3 Re8 12. Nd2 *

[Event "EYTCC Open U18 2022"]
[Site "Thessaloniki"]
[Date "2022.07.13"]
[Round "2.36"]
[White "Maki, Eftychia Maria"]
[Black "Dias, Savin"]
[Result "0-1"]
[ECO "E67"]
[WhiteElo "1157"]
[BlackElo "1894"]
[Annotator "NA"]
[PlyCount "76"]
[EventDate "2022.07.12"]
[EventType "team-tourn"]
[EventCountry "GRE"]
[SourceTitle "playchess.com"]
[Source "ChessBase"]
[SourceQuality "1"]
[WhiteTeam "Greece"]
[BlackTeam "England"]
[WhiteTeamCountry "GRE"]
[BlackTeamCountry "ENG"]
[TimeControl "40/5400+30:1800+30"]

1. d4 Nf6 2. c4 g6 3. g3 Bg7 4. Bg2 O-O 5. Nf3 d6 6. O-O Nbd7 7. Nc3 e5 8. dxe5 dxe5 9. Qc2 c6 10. Rd1 Qc7 11. b3 Re8 12. Nd2 Nf8 13. Bb2 Bf5 14. Nde4 Rad8 15. Rxd8 Rxd8 16. Rd1 Nxe4 17. Bxe4 Bc8 18. Rxd8 Qxd8 19. Bd3 f5 20. e4 f4 21. Be2 h5 22. Qd1 Qf6 23. Bf3 Ne6 24. Nb1 Ng5 25. Nd2 Qd6 26. Bc1 Bh6 27. Qe2 fxg3 28. Nf1 Nxf3+ 29. Qxf3 gxf2+ 30. Qxf2 Bxc1 31. Ne3 Bxe3 32. Qxe3 Qd4 33. Qxd4 exd4 34. Kf2 Kf7 35. Ke2 Ke6 36. Kd3 Ke5 37. b4 g5 38. c5 h4 0-1

[Event "EYTCC Open U18 2022"]
[Site "Thessaloniki"]
[Date "2022.07.13"]
[Round "2.37"]
[White "Magalakis, Stefanos"]
[Black "Zeneli, Klendi"]
[Result "1-0"]
[ECO "C26"]
[WhiteElo "2181"]
[BlackElo "1921"]
[Annotator "ChessBase"]
[PlyCount "31"]
[EventDate "2022.07.12"]
[EventType "team-tourn"]
[EventCountry "GRE"]
[SourceTitle "playchess.com"]
[Source "ChessBase"]
[SourceQuality "1"]
[WhiteTeam "Greece"]
[BlackTeam "Albania"]
[WhiteTeamCountry "GRE"]
[BlackTeamCountry "ALB"]
[TimeControl "40/5400+30:1800+30"]

1. e4 e5 2. Nc3 Nf6 3. d4 exd4 4. Qxd4 Nc6 5. Qd3 d5 6. Bf4 Bb4 7. O-O-O Bxc3 8. Qxc3 d4 9. Qa3 Be6 10. Bb5 Nxe4 11. Nf3 Qf6 12. Be5 Qh6+ 13. Kb1 Nxf2 14. Nxd4 O-O-O 15. Bxc6 Rxd4 16. Rxd4 1-0